 Dungeon Crawl Stone Soup version 0.20.1-1-g8b1a95d (webtiles) character file.

186 Folque the Magician (level 5, -1/34 HPs)
             Began as an Octopode Wizard on Nov 22, 2017.
             Was an Initiate of Sif Muna.
             Shot with an arrow by a centaur (11 damage)
             ... on level 5 of the Dungeon.
             The game lasted 00:13:08 (3234 turns).

Folque the Magician (Octopode Wizard)               Turns: 3234, Time: 00:13:09

Health: -1/34      AC:  1    Str:  7    XL:     5   Next: 65%
Magic:  1/10       EV: 13    Int: 21    God:    Sif Muna [......]
Gold:   153        SH:  0    Dex: 10    Spells: 3/11 levels left

rFire    . . .     SeeInvis +   z - +0 falchion
rCold    . . .     Gourm    .   (no shield)
rNeg     . . .     Faith    .   a - +0 hat
rPois    .         Spirit   .   u - amulet of regeneration
rElec    .         Reflect  .   m - ring of see invisible
rCorr    .         Harm     .   (no ring)
MR       .....                  (no ring)
Stlth    +++.......             (no ring)
Regen    0.6/turn               (no ring)
MPRegen  0.2/turn               (no ring)
                                (no ring)
                                (no ring)

@: very slightly contaminated
A: almost no armour, stealthy swim, amphibious, 8 rings, constrict 8, camouflage
1, gelatinous body 1
a: Renounce Religion


You were on level 5 of the Dungeon.
You worshipped Sif Muna.
Sif Muna was noncommittal.
You were not hungry.

You visited 2 branches of the dungeon, and saw 6 of its levels.

You collected 153 gold pieces.

Inventory:

Hand Weapons
 h - a +0 mace
 z - a +0 falchion (weapon)
Armour
 a - a +0 hat (worn)
Magical Staves
 y - an uncursed staff of air
Jewellery
 m - a ring of see invisible (left tentacle)
 u - an amulet of regeneration (around mantle)
Scrolls
 d - a scroll of enchant weapon {unknown}
 i - a scroll of recharging
 o - a scroll of remove curse
 p - a scroll of immolation {unknown}
 q - a scroll of fear {unknown}
 t - 2 scrolls of identify
 v - a scroll of noise {unknown}
 x - a scroll of random uselessness {unknown}
Potions
 f - a potion of mutation {unknown}
 g - 3 potions of might {unknown}
 k - a potion of brilliance {unknown}
 n - 2 potions of haste {unknown}
 r - 2 potions of lignification {unknown}
Books
 b - a book of Minor Magic

   Spells                             Type                      Level
   a - Magic Dart                     Conjuration                  1
   b - Blink                          Translocation                2
   c - Call Imp                       Summoning                    2
   d - Slow                           Hexes                        2
   e - Conjure Flame                  Conjuration/Fire             3
   f - Mephitic Cloud                 Conjuration/Poison/Air       3
Comestibles
 c - a bread ration
 j - 2 royal jellies
 l - 4 fruits
 w - a chunk of flesh


   Skills:
 - Level 2.0 Fighting
 - Level 2.0 Dodging
 - Level 2.6 Stealth
 + Level 3.9 Spellcasting
 * Level 2.8 Conjurations
 - Level 1.0 Summonings
 - Level 1.0 Translocations
 - Level 3.0 Poison Magic


You had 3 spell levels left.
You knew the following spells:

 Your Spells              Type           Power        Failure   Level  Hunger
a - Magic Dart            Conj           ###.         3%          1    None
b - Call Imp              Summ           #.......     12%         2    #......
c - Blink                 Tloc           N/A          12%         2    #......
d - Mephitic Cloud        Conj/Pois/Air  ##......     16%         3    ###....


Dungeon Overview and Level Annotations

Branches:
Dungeon (5/15)             Temple (1/1) D:4

Altars:
Ashenzari
Cheibriados
Elyvilon
Fedhas
Gozag
Kikubaaqudgha
Makhleb
Ru
Sif Muna
Yredelemnul
Zin
The Shining One

Annotations:
D:4 Grinder


Innate Abilities, Weirdness & Mutations

You cannot wear most types of armour.
You are very stealthy in the water. (Stealth+)
You are amphibious.
You can wear up to eight rings at the same time.
You can use your tentacles to constrict eight enemies at once.
Your skin changes colour to match your surroundings (Stealth+).
Your rubbery body absorbs attacks. (AC +1, EV +1)


Message History

The hound zombie misses you.
You feel better. The centaur hits you.
* * * LOW HITPOINT WARNING * * *
The hound zombie bites you.
* * * LOW HITPOINT WARNING * * *
You feel better. The centaur hits you. The hound zombie barely misses you.
The centaur closely misses you.
You riposte.
You hit the centaur but do no damage.
The centaur is severely wounded.
You hit the centaur but do no damage.
The centaur is severely wounded.
The hound zombie bites you. The centaur closely misses you.
The hound zombie bites you.
* * * LOW HITPOINT WARNING * * *
Casting: Mephitic Cloud
Confirm with . or Enter, or press ? or * to list all spells.
You blink.
The centaur wields an uncursed shortbow of velocity.
The centaur shoots an arrow.
The arrow hits you!
You die...

#......##..............
####......###.............
#.........###.###...#.#...
#.#.#....................#
#.._......###.#(..........
###.#.....###.#..........#
#....>..##..#..........#
##.........##...........
#.......####@..........
###.....# #..c§......#
##....# #...Z......#
#....# #..........#
#....####..#######..
#.(...##...## #
#...........###
#..=............
#............###


You could see a centaur and a hound zombie.

Vanquished Creatures
  A howler monkey (D:5)
  A vampire bat (D:3)
  3 adders (D:2)
  2 leopard geckos
  3 orcs (D:3)
  A ball python (D:1)
  13 bats
  2 bat skeletons (D:3)
  2 bat zombies (D:3)
  2 giant cockroaches
  8 goblins
  6 hobgoblins
  4 jackals
  A quokka (D:5)
  6 frilled lizards
  3 kobolds
  A leopard gecko skeleton (D:4)
  5 rats
64 creatures vanquished.

Vanquished Creatures (collateral kills)
  A centaur zombie (D:5)
  2 orcs (D:3)
  A bat (D:3)
  A frilled lizard (D:2)
  A goblin (D:2)
  A jackal zombie (D:5)
7 creatures vanquished.

Grand Total: 71 creatures vanquished

Notes
Turn   | Place    | Note
-------+----------+-------------------------------------------
     0 | D:1      | Folque the Octopode Wizard began the quest for the Orb.
     0 | D:1      | Reached XP level 1. HP: 11/11 MP: 4/4
   133 | D:1      | Reached skill level 1 in Fighting
   190 | D:1      | Reached XP level 2. HP: 18/18 MP: 6/6
   464 | D:1      | Reached XP level 3. HP: 7/24 MP: 4/7
   468 | D:1      | Learned a level 2 spell: Call Imp
   471 | D:1      | Learned a level 2 spell: Blink
   475 | D:1      | Learned a level 3 spell: Mephitic Cloud
  1008 | D:2      | Reached skill level 1 in Poison Magic
  1092 | D:2      | Found a glowing silver altar of Zin.
  1092 | D:2      | Noticed an angel
  1597 | D:2      | Reached XP level 4. HP: 29/29 MP: 5/9
  1967 | D:3      | Found an ancient bone altar of Kikubaaqudgha.
  1984 | D:3      | Reached XP level 5. HP: 28/34 MP: 0/10
  2299 | D:4      | Found a staircase to the Ecumenical Temple.
  2344 | Temple   | Entered the Ecumenical Temple
  2435 | Temple   | Became a worshipper of Sif Muna the Loreminder
  2843 | D:4      | Noticed Grinder
  3014 | D:4      | Paralysed by Grinder for 5 turns
  3026 | D:5      | Entered Level 5 of the Dungeon
  3185 | D:5      | Found a snail-covered altar of Cheibriados.
  3213 | D:5      | Noticed a centaur
  3234 | D:5      | Shot with an arrow by a centaur

Skill      XL: |  1  2  3  4  5 |
---------------+----------------+-----
Fighting       | 1 2 |  2.0
Poison Magic   | 1 2 3 |  3.0
Conjurations   | 2 |  2.8
Dodging        | |  2.0
Stealth        | |  2.6
Spellcasting   | |  3.9
Summonings     | |  1.0
Translocations | |  1.0

Action                   |  1- 3 |  4- 6 || total
-------------------------+-------+-------++-------
Melee: Mace              |    88 |    53 ||   141
       Constrict         |    28 |    19 ||    47
       Tentacles         |     9 |     4 ||    13
       Unarmed           |     2 |       ||     2
       Falchion          |       |     8 ||     8
 Cast: Magic Dart        |    10 |     3 ||    13
       Call Imp          |     3 |    25 ||    28
       Mephitic Cloud    |     2 |     1 ||     3
       Blink             |     1 |     1 ||     2
  Use: Scroll            |     1 |     3 ||     4
       Potion            |       |     2 ||     2
 Stab: Sleeping          |     6 |     5 ||    11
       Confused          |     1 |       ||     1
  Eat: Chunk             |     2 |     3 ||     5
       Meat ration       |       |     1 ||     1
Armor: Skin              |    17 |    14 ||    31
Dodge: Dodged            |    99 |    46 ||   145
       Rpst.: Falchion   |       |     3 ||     3
